TOP OF THE 1ST |
Mt. Vernon Bulls batting - Pitching for Grand Forks Caterpillars : LHP Oliver De Jesús
|
Pitching: LHP Oliver De Jesús
|
|
Batting: RHB Alfonso Bocanegra
|
0-0: Ball 1-0: Foul Ball, location: 2F 1-1: SINGLE (Line Drive, 78M)
|
Batting: RHB Jesús Villalba
|
0-0: Called Strike 0-1: Foul Ball, location: 2F 0-2: Foul Ball, location: 2F 0-2: Strikes out swinging
|
Batting: RHB Carlos Vega
|
0-0: Called Strike 0-1: Called Strike 0-2: Strikes out swinging
|
Pitching: RHP Félix Pacheco
|
|
Batting: RHB Jorge Miranda
|
0-0: Called Strike 0-1: Foul Ball, location: 2F 0-2: Ball 1-2: Fly out, F9 (Flyball, 9LM)
|
Top of the 1st over - 0 run(s), 1 hit(s), 0 error(s), 1 left on base; Mt. Vernon 0 - Grand Forks 0 |
BOTTOM OF THE 1ST |
Grand Forks Caterpillars batting - Pitching for Mt. Vernon Bulls : LHP Mike Owens
|
Pitching: LHP Mike Owens
|
|
Batting: RHB Omar Schuler
|
0-0: Called Strike 0-1: Called Strike 0-2: Ball 1-2: Ground out 5-3 (Groundball, 5L)
|
Batting: RHB Carlos Romero
|
0-0: Ball 1-0: Called Strike 1-1: Foul Ball, location: 2F 1-2: Strikes out swinging
|
Batting: RHB Ab van der Kamp
|
0-0: Ball 1-0: Ball 2-0: Called Strike 2-1: Fly out, F2 (Popup, 2LF)
|
Bottom of the 1st over - 0 run(s), 0 hit(s), 0 error(s), 0 left on base; Mt. Vernon 0 - Grand Forks 0 |
TOP OF THE 2ND |
Mt. Vernon Bulls batting - Pitching for Grand Forks Caterpillars : RHP Félix Pacheco
|
Batting: RHB Franklin Gestel
|
0-0: Ball 1-0: Called Strike 1-1: Ball 2-1: Swinging Strike 2-2: Ball 3-2: Foul Ball, location: 2F 3-2: Base on Balls
|
Batting: LHB Alex Reid
|
0-0: Ball 1-0: Called Strike 1-1: Foul Ball, location: 2F 1-2: Strikes out swinging
|
Batting: LHB Earl Wiley
|
0-0: Fielders Choice at 2nd, 4-6 (Groundball, 4M)
|
Batting: RHB Noël Sassetti
|
0-0: Ball 1-0: Ball 2-0: Ground out 5-3 (Groundball, 5S)
|
Top of the 2nd over - 0 run(s), 0 hit(s), 0 error(s), 1 left on base; Mt. Vernon 0 - Grand Forks 0 |
BOTTOM OF THE 2ND |
Grand Forks Caterpillars batting - Pitching for Mt. Vernon Bulls : LHP Mike Owens
|
Batting: RHB Salvador Esparza
|
0-0: Called Strike 0-1: SINGLE (Groundball, 6MD) (infield hit)
|
Pinch Runner at 1st Jim Unknown:
|
|
Batting: RHB Jorge Velázquez
|
0-0: Ball 1-0: Ball 2-0: Fly out, F6 (Popup, 6D)
|
Batting: RHB Nathan Landrum
|
0-0: Called Strike 0-1: Foul Ball, location: 2F 0-2: Strikes out swinging
|
Batting: LHB Javier Antonio
|
0-0: Swinging Strike 0-1: Ball 1-1: Swinging Strike 1-2: Foul Ball, location: 2F 1-2: Strikes out looking
|
Bottom of the 2nd over - 0 run(s), 1 hit(s), 0 error(s), 1 left on base; Mt. Vernon 0 - Grand Forks 0 |
TOP OF THE 3RD |
Mt. Vernon Bulls batting - Pitching for Grand Forks Caterpillars : RHP Félix Pacheco
|
Now in CF: Jim Unknown
|
|
Batting: RHB Louis Litt
|
0-0: Called Strike 0-1: Fly out, F7 (Line Drive, 7M)
|
Batting: RHB Alfonso Bocanegra
|
0-0: Foul Ball, location: 2F 0-1: Ball 1-1: Ball 2-1: Ball 3-1: SINGLE (Groundball, 5L)
|
Batting: RHB Jesús Villalba
|
0-0: Ball 1-0: Fielders Choice at 2nd, 6-4 (Groundball, 6M)
|
Batting: RHB Carlos Vega
|
0-0: Called Strike 0-1: Foul Ball, location: 2F 0-2: Ball 1-2: Foul Ball, location: 2F 1-2: Ball Jesús Villalba steals 2nd base 2-2: SINGLE (Groundball, 34D) Jesús Villalba to third Runner from 3rd tries for Home, throw and OUT!
|
Top of the 3rd over - 0 run(s), 2 hit(s), 0 error(s), 1 left on base; Mt. Vernon 0 - Grand Forks 0 |
BOTTOM OF THE 3RD |
Grand Forks Caterpillars batting - Pitching for Mt. Vernon Bulls : LHP Mike Owens
|
Batting: RHB Pedro Torres
|
0-0: Ball 1-0: Ground out 6-3 (Groundball, 6)
|
Batting: LHB Santiago Reyes
|
0-0: Fly out, F4 (Popup, 4MS)
|
Batting: RHB Omar Schuler
|
0-0: Ball 1-0: Foul Ball, location: 2F 1-1: Swinging Strike 1-2: Strikes out swinging
|
Bottom of the 3rd over - 0 run(s), 0 hit(s), 0 error(s), 0 left on base; Mt. Vernon 0 - Grand Forks 0 |
BOTTOM OF THE 4TH |
Grand Forks Caterpillars batting - Pitching for Mt. Vernon Bulls : LHP Mike Owens
|
Batting: RHB Carlos Romero
|
0-0: SINGLE (Flyball, 8LS)
|
Batting: RHB Ab van der Kamp
|
0-0: Ball 1-0: Foul Ball, location: 2F 1-1: Ball 2-1: SINGLE (Line Drive, 78M) Carlos Romero to second
|
Batting: RHB Jim Unknown
|
0-0: Ball 1-0: Called Strike 1-1: Ball 2-1: Ball 3-1: Called Strike 3-2: Base on Balls Carlos Romero to third Ab van der Kamp to second
|
Batting: RHB Jorge Velázquez
|
0-0: Called Strike 0-1: Fly out, F8 (Flyball, 8RM) Runner from 3rd tags up, SCORES, no throw
|
Batting: RHB Nathan Landrum
|
0-0: Ball 1-0: Called Strike 1-1: Ball 2-1: Ball 3-1: Grounds into double play, 1-4-3 (Groundball, 15S)
|
Bottom of the 4th over - 1 run(s), 2 hit(s), 0 error(s), 1 left on base; Mt. Vernon 2 - Grand Forks 1 |
TOP OF THE 5TH |
Mt. Vernon Bulls batting - Pitching for Grand Forks Caterpillars : RHP Esteban Nevárez
|
Batting: RHB Alfonso Bocanegra
|
0-0: Ball 1-0: Called Strike 1-1: Fly out, F7 (Flyball, 7M)
|
Batting: RHB Jesús Villalba
|
0-0: Swinging Strike 0-1: Foul Ball, location: 2F 0-2: Strikes out swinging
|
Batting: RHB Carlos Vega
|
0-0: Called Strike 0-1: Foul Ball, location: 2F 0-2: Ball 1-2: Strikes out swinging
|
Top of the 5th over - 0 run(s), 0 hit(s), 0 error(s), 0 left on base; Mt. Vernon 2 - Grand Forks 1 |
BOTTOM OF THE 5TH |
Grand Forks Caterpillars batting - Pitching for Mt. Vernon Bulls : LHP Mike Owens
|
Batting: LHB Javier Antonio
|
0-0: Fly out, F7 (Line Drive, 7M)
|
Batting: RHB Pedro Torres
|
0-0: Ball 1-0: Ball 2-0: Swinging Strike 2-1: Fly out, F8 (Flyball, 8LM)
|
Batting: LHB Santiago Reyes
|
0-0: Ball 1-0: Ball 2-0: Ball 3-0: Called Strike 3-1: Foul Ball, location: 2F 3-2: Strikes out swinging
|
Bottom of the 5th over - 0 run(s), 0 hit(s), 0 error(s), 0 left on base; Mt. Vernon 2 - Grand Forks 1 |
TOP OF THE 6TH |
Mt. Vernon Bulls batting - Pitching for Grand Forks Caterpillars : RHP Esteban Nevárez
|
Pitching: RHP José Maestas
|
|
Batting: RHB Jorge Miranda
|
0-0: Ball 1-0: DOUBLE (Line Drive, 4MD)
|
Batting: RHB Franklin Gestel
|
0-0: Foul Ball, location: 2F 0-1: Swinging Strike 0-2: Ball 1-2: Ball 2-2: Strikes out swinging
|
Batting: LHB Alex Reid
|
0-0: Swinging Strike 0-1: Fly out, F8 (Flyball, 8RM)
|
Batting: LHB Earl Wiley
|
0-0: Ball 1-0: Foul Ball, location: 2F 1-1: Swinging Strike 1-2: Strikes out looking
|
Top of the 6th over - 0 run(s), 1 hit(s), 0 error(s), 1 left on base; Mt. Vernon 2 - Grand Forks 1 |
BOTTOM OF THE 6TH |
Grand Forks Caterpillars batting - Pitching for Mt. Vernon Bulls : LHP Mike Owens
|
Batting: RHB Omar Schuler
|
0-0: Called Strike 0-1: Foul Ball, location: 2F 0-2: Foul Ball, location: 2F 0-2: Ball 1-2: Foul Ball, location: 2F 1-2: Ball 2-2: Foul Ball, location: 2F 2-2: Ball 3-2: Base on Balls
|
Batting: RHB Carlos Romero
|
0-0: Ball 1-0: Called Strike 1-1: Ball 2-1: Ball 3-1: Base on Balls Omar Schuler to second
|
Batting: RHB Ab van der Kamp
|
0-0: Called Strike 0-1: Grounds into double play, 6-4-3 (Groundball, 6M) Omar Schuler to third
|
Batting: RHB Jim Unknown
|
0-0: Foul Ball, location: 2F 0-1: Called Strike 0-2: Ball 1-2: Foul Ball, location: 2F 1-2: Foul Ball, location: 2F 1-2: Foul Ball, location: 2F 1-2: Ball 2-2: Ball 3-2: Base on Balls
|
Batting: RHB Jorge Velázquez
|
0-0: Ball 1-0: Ball 2-0: SINGLE (Line Drive, 34D) Omar Schuler scores Jim Unknown to second
|
Batting: RHB Nathan Landrum
|
0-0: Foul Ball, location: 2F 0-1: Ball 1-1: Foul Ball, location: 2F 1-2: Foul Ball, location: 2F 1-2: SINGLE (Groundball, 6MD) Jim Unknown to third Jorge Velázquez to second Runner from 3rd tries for Home, SAFE, no throw or cutoff
|
Batting: LHB Javier Antonio
|
0-0: Foul Ball, location: 2F 0-1: Ball 1-1: Ball 2-1: Foul Ball, location: 2F 2-2: Foul Ball, location: 2F 2-2: SINGLE (Groundball, 5D) Jorge Velázquez to third Nathan Landrum to second Runner from 3rd tries for Home, SAFE, no throw or cutoff
|
Pitching: RHP Tony Garza
|
|
Batting: RHB Pedro Torres
|
0-0: Ball 1-0: Called Strike 1-1: Ball 2-1: Ball 3-1: Base on Balls Nathan Landrum to third Javier Antonio to second
|
Batting: LHB Santiago Reyes
|
0-0: Called Strike 0-1: Ball 1-1: Called Strike 1-2: Foul Ball, location: 2F 1-2: Ball 2-2: Strikes out swinging
|
Bottom of the 6th over - 3 run(s), 3 hit(s), 0 error(s), 3 left on base; Mt. Vernon 2 - Grand Forks 4 |
TOP OF THE 7TH |
Mt. Vernon Bulls batting - Pitching for Grand Forks Caterpillars : RHP José Maestas
|
Batting: RHB Noël Sassetti
|
0-0: Ball 1-0: Foul Ball, location: 2F 1-1: Ball 2-1: Called Strike 2-2: Foul Ball, location: 2F 2-2: Ball 3-2: Foul Ball, location: 2F 3-2: Foul Ball, location: 2F 3-2: SINGLE (Line Drive, 56D)
|
Batting: RHB Louis Litt
|
0-0: Called Strike 0-1: Swinging Strike 0-2: Ball 1-2: Strikes out swinging
|
Batting: RHB Alfonso Bocanegra
|
0-0: Ball 1-0: Foul Ball, location: 2F 1-1: Ball 2-1: Called Strike 2-2: Foul Ball, location: 2F 2-2: Ball 3-2: Foul Ball, location: 2F 3-2: SINGLE (Groundball, 3D) Noël Sassetti to second Runner from 2nd tries for 3rd, SAFE, throw made to third
|
Batting: RHB Jesús Villalba
|
0-0: Ball 1-0: Ball 2-0: Ball Alfonso Bocanegra steals 2nd base 3-0: Base on Balls
|
Pitching: RHP Wyatt Meek
|
|
Batting: RHB Carlos Vega
|
0-0: Ball 1-0: SINGLE (Line Drive, 89M) Noël Sassetti scores Alfonso Bocanegra to third Jesús Villalba to second
|
Pinch Hitting: RHB Jim Unknown
|
0-0: Called Strike 0-1: Ball 1-1: Ball 2-1: Foul Ball, location: 2F 2-2: Foul Ball, location: 2F 2-2: Ball 3-2: Foul Ball, location: 2F 3-2: Fly out, F8 (Flyball, 8RD) Runner from 3rd tags up, SCORES, no throw
|
Batting: RHB Franklin Gestel
|
0-0: Ball 1-0: DOUBLE (Groundball, 5D) Jesús Villalba scores Carlos Vega to third Runner from 3rd tries for Home, SAFE, throw made home
|
Batting: LHB Alex Reid
|
0-0: Called Strike 0-1: Swinging Strike 0-2: Foul Ball, location: 2F 0-2: Ball 1-2: Foul Ball, location: 2F 1-2: Strikes out swinging
|
Top of the 7th over - 4 run(s), 4 hit(s), 0 error(s), 1 left on base; Mt. Vernon 6 - Grand Forks 4 |
BOTTOM OF THE 7TH |
Grand Forks Caterpillars batting - Pitching for Mt. Vernon Bulls : RHP Tony Garza
|
Now at C: Miguel Vásquez
|
|
Now at 1B: Dawit Lihalakha
|
|
Now in LF: Jim Unknown
|
|
Batting: RHB Omar Schuler
|
0-0: Ball 1-0: Ball 2-0: Called Strike 2-1: Foul Ball, location: 2F 2-2: Fly out, F5 (Line Drive, 5)
|
Batting: RHB Carlos Romero
|
0-0: Called Strike 0-1: Swinging Strike 0-2: Foul Ball, location: 2F 0-2: Ball 1-2: Strikes out swinging
|
Batting: RHB Ab van der Kamp
|
0-0: Ball 1-0: Ball 2-0: Called Strike 2-1: Swinging Strike 2-2: Foul Ball, location: 2F 2-2: Ball 3-2: Foul Ball, location: 2F 3-2: Base on Balls
|
Batting: RHB Jim Unknown
|
0-0: Called Strike 0-1: Swinging Strike 0-2: Strikes out swinging
|
Bottom of the 7th over - 0 run(s), 0 hit(s), 0 error(s), 1 left on base; Mt. Vernon 6 - Grand Forks 4 |
TOP OF THE 8TH |
Mt. Vernon Bulls batting - Pitching for Grand Forks Caterpillars : RHP Wyatt Meek
|
Batting: LHB Earl Wiley
|
0-0: Ball 1-0: Ball 2-0: SINGLE (Line Drive, 78S)
|
Batting: RHB Noël Sassetti
|
0-0: Ball 1-0: Bunt missed! 1-1: Sac Bunt - play at first, batter OUT! 4-3 Earl Wiley to second
|
Batting: RHB Louis Litt
|
0-0: Swinging Strike 0-1: Ball 1-1: Called Strike 1-2: Ball 2-2: Ball 3-2: Foul Ball, location: 2F 3-2: Strikes out swinging
|
Batting: RHB Alfonso Bocanegra
|
0-0: Foul Ball, location: 2F 0-1: Called Strike 0-2: Ball 1-2: Ball 2-2: Foul Ball, location: 2F 2-2: Strikes out looking
|
Top of the 8th over - 0 run(s), 1 hit(s), 0 error(s), 1 left on base; Mt. Vernon 6 - Grand Forks 4 |
BOTTOM OF THE 8TH |
Grand Forks Caterpillars batting - Pitching for Mt. Vernon Bulls : RHP Tony Garza
|
Batting: RHB Jorge Velázquez
|
0-0: Fly out, F4 (Popup, 89S)
|
Batting: RHB Nathan Landrum
|
0-0: Called Strike 0-1: Ball 1-1: Swinging Strike 1-2: Ball 2-2: Strikes out swinging
|
Batting: LHB Javier Antonio
|
0-0: Called Strike 0-1: Ball 1-1: Ground out 6-3 (Groundball, 6)
|
Bottom of the 8th over - 0 run(s), 0 hit(s), 0 error(s), 0 left on base; Mt. Vernon 6 - Grand Forks 4 |
TOP OF THE 9TH |
Mt. Vernon Bulls batting - Pitching for Grand Forks Caterpillars : RHP Wyatt Meek
|
Batting: RHB Jesús Villalba
|
0-0: Called Strike 0-1: Foul Ball, location: 2F 0-2: Fly out, F9 (Flyball, 9M)
|
Pitching: LHP Anaías Pedroza
|
|
Batting: RHB Miguel Vásquez
|
0-0: Foul Ball, location: 2F 0-1: Swinging Strike 0-2: Fly out, F5 (Line Drive, 56)
|
Batting: RHB Jim Unknown
|
0-0: Ground out 5-3 (Groundball, 5S)
|
Top of the 9th over - 0 run(s), 0 hit(s), 0 error(s), 0 left on base; Mt. Vernon 6 - Grand Forks 4 |
BOTTOM OF THE 9TH |
Grand Forks Caterpillars batting - Pitching for Mt. Vernon Bulls : RHP Tony Garza
|
Pitching: RHP Derek Holbrook
|
|
Batting: RHB Pedro Torres
|
0-0: Ball 1-0: Fly out, F6 (Popup, 6)
|
Batting: LHB Santiago Reyes
|
0-0: Foul Ball, location: 2F 0-1: Ball 1-1: Fly out, F6 (Popup, 6MD)
|
Batting: RHB Omar Schuler
|
0-0: Called Strike 0-1: Called Strike 0-2: Ball 1-2: Strikes out swinging
|
Bottom of the 9th over - 0 run(s), 0 hit(s), 0 error(s), 0 left on base; Mt. Vernon 6 - Grand Forks 4 |
|